 Dungeon Crawl Stone Soup version 0.28-a0-726-g4a9143789a (webtiles) character file.

Game seed: 4137390415505071545

2040 funkygono the Firebug (level 9, -8/47 HPs)
             Began as a Gargoyle Fire Elementalist on Oct 28, 2021.
             Was an Initiate of Vehumet.
             Shot with a sling bullet by Joseph (13 damage)
             ... on level 7 of the Dungeon.
             The game lasted 00:14:48 (8035 turns).

funkygono the Firebug (Gargoyle Fire Elementalist)  Turns: 8035, Time: 00:14:49

Health: -8/47      AC: 11    Str: 12    XL:     9   Next: 24%
Magic:  10/19      EV: 12    Int: 19    God:    Vehumet [......]
Gold:   232        SH:  0    Dex: 10    Spells: 12/22 levels left

rFire   . . .      SeeInvis .   h - +0 whip
rCold   + . .      Faith    .   (no shield)
rNeg    + . .      Spirit   .   c - +1 robe {rC+}
rPois   ∞          Reflect  .   (no helmet)
rElec   +          Harm     .   (no cloak)
rCorr   .          Rampage  .   (no gloves)
Will    .....                   d - +1 pair of boots
Stlth   ++........              o - amulet of regeneration
HPRegen 1.15/turn               (no ring)
MPRegen 0.16/turn               (no ring)

@: studying Air Magic
A: sickness immunity, AC +6, negative energy resistance 1, electricity
resistance, torment resistance 1, petrification resistance
a: Renounce Religion


You were on level 7 of the Dungeon.
You worshipped Vehumet.
Vehumet was noncommittal.
You visited 2 branches of the dungeon, and saw 8 of its levels.

You collected 232 gold pieces.

Inventory:

Hand Weapons
 e - a +0 flail
 h - a +0 whip (weapon)
Missiles
 b - 203 stones
Armour
 c - a +1 robe of cold resistance (worn)
 d - a +1 pair of boots (worn)
Magical Staves
 j - a staff of cold
Jewellery
 o - an amulet of regeneration (around neck)
 q - an amulet of the acrobat
Wands
 k - a wand of digging (2)
 l - a wand of acid (10)
 p - a wand of polymorph (10)
Scrolls
 a - 4 scrolls of teleportation
 f - 2 scrolls of fear
 s - a scroll of enchant weapon {unknown}
 t - a scroll of identify
Potions
 g - a potion of curing
 i - a potion of lignification
 m - a potion of magic
 n - a potion of heal wounds {unknown}
 r - a potion of berserk rage {unknown}


   Skills:
 + Level 1.3 Fighting
 + Level 1.2 Maces & Flails
 + Level 2.1 Dodging
 - Level 2.1 Stealth
 + Level 7.0 Spellcasting
 + Level 5.4 Conjurations
 + Level 7.8 Fire Magic


You had 12 spell levels left.
You knew the following spells:

 Your Spells              Type           Power      Damage    Failure   Level
a - Foxfire               Conj/Fire      100%       2x1d9     1%          1
b - Scorch                Fire           72%        2d9       1%          2
c - Conjure Flame         Conj/Fire      32%        6-21      1%          3
d - Flame Wave            Conj/Fire      32%        3d7       6%          4

Your spell library contained the following spells:

 Spells                   Type           Power      Damage    Failure   Level
 Inner Flame              Hex/Fire       21%        N/A       6%          3
 Animate Skeleton         Necr           12%        N/A       10%         1
 Pain                     Necr           24%        1d5       10%         1
 Ignite Poison            Fire/Tmut/Pois 16%        N/A       11%         3
 Mephitic Cloud           Conj/Pois/Air  13%        N/A       14%         3
 Frozen Ramparts          Ice            12%        1d3       30%         3
 Vampiric Draining        Necr           3%         2d6       30%         3
 Ice Form                 Ice/Tmut       6%         N/A       69%         4
 Summon Ice Beast         Ice/Summ       6%         N/A       69%         4
 Freezing Cloud           Conj/Ice/Air   6%         6-21      80%         5
 Summon Cactus Giant      Summ           3%         N/A       100%        6


Dungeon Overview and Level Annotations

Branches:
Dungeon (7/15)             Temple (1/1) D:5

Altars:
Ashenzari
Cheibriados
Dithmenos
Elyvilon
Fedhas
Hepliaklqana
Kikubaaqudgha
Makhleb
Nemelex Xobeh
Okawaru
Qazlal
Ru
Sif Muna
Trog
Uskayaw
Vehumet
Wu Jian
Xom
Yredelemnul
Zin
The Shining One

Shops:
D:1 [   D:2 !   D:4 *   D:5 [

Annotations:
D:7 2 transporters, Joseph; yegreS's ghost, novice MiFi


Innate Abilities, Weirdness & Mutations

You are immune to sickness and miasma.
Your stone body is resilient. (AC +6)
You are immune to poison.
You resist negative energy. (rN+)
You are resistant to electric shocks. (rElec)
You are resistant to unholy torment.
You are immune to petrification.


Message History

The foxfire hits the yak!
The yak is burned terribly!
The yak is severely wounded.
The yak closely misses you.
Casting: Scorch (safe; 1% risk of failure)
Confirm with . or Enter, or press ? or * to list all spells.
You conjure some foxfire!
The yak gores you!
Casting: Foxfire (safe; 1% risk of failure)
Confirm with . or Enter, or press ? or * to list all spells.
Flames lash the yak.
The yak is burned terribly!
The yak is almost dead.
The yak is no longer more vulnerable to fire.
The foxfire hits the yak.
The yak is almost dead.
The foxfire hits Joseph but does no damage.
Joseph unwields a +0 hunting sling.
Joseph wields a +0 quarterstaff.
Joseph hits you with a +0 quarterstaff. The yak gores you!
Joseph unwields a +0 quarterstaff.
Joseph wields a +0 hunting sling.
Joseph shoots a sling bullet.
The sling bullet hits you.
Casting: Scorch (safe; 1% risk of failure)
Confirm with . or Enter, or press ? or * to list all spells.
You conjure some foxfire!
The yak gores you!
* * * LOW HITPOINT WARNING * * *
Joseph shoots a sling bullet.
The sling bullet hits you.
* * * LOW HITPOINT WARNING * * *
Casting: Foxfire (safe; 1% risk of failure)
Confirm with . or Enter, or press ? or * to list all spells.
You don't know that spell.
Unknown command.
You feel better.
The foxfire hits the yak.
The yak is almost dead.
The foxfire hits the yak.
The yak is almost dead.
The yak gores you!
* * * LOW HITPOINT WARNING * * *
Joseph shoots a sling bullet.
The sling bullet hits you.
* * * LOW HITPOINT WARNING * * *
You feel better. The yak gores you.
* * * LOW HITPOINT WARNING * * *
Joseph shoots a sling bullet.
The sling bullet hits you!
You die...

#.#.####.#####.# ..##§#
##..# #.#####.# # #.##§#
#..# ##.......# #.##.##.#
##..###.......## #....Y..#
#[......#####.# ####.####
#...##..#####.#######.#
####...........#..@......#
..<......##.##....(#######
...#.##.##...##§@Y.#
......#.#.##..#§.### .#
.#.#.......).....# .###
.#.#..#.#..##.#.## .).
.#.#..#.##...##.# ####.##
...#..#.)##.##..#####.....
.###..##....).........# .##
.####.##.........<.†..##..#
...................)......#


You could see Joseph and a yak.

Vanquished Creatures
  2 water moccasins (D:4)
  3 ice beasts
  3 ogres
  3 centaurs
  2 bullfrogs
  3 scorpions
  A water moccasin skeleton (D:5)
  4 hounds
  A jelly (D:6)
  3 orc priests
  A gnoll shaman (D:7)
  A bullfrog skeleton (D:6)
  Jessica (D:2)
  2 orc wizards (D:4)
  3 iguanas
  A scorpion zombie (D:5)
  A hound skeleton (D:4)
  A howler monkey zombie (D:6)
  A howler monkey skeleton (D:7)
  7 gnolls
  4 adders
  2 white imps
  5 dart slugs
  13 orcs
  3 ball pythons
  4 bats
  8 endoplasms
  A giant cockroach (D:1)
  6 goblins
  4 hobgoblins
  3 jackals (D:3)
  A quokka (D:1)
  2 frilled lizards
  8 kobolds
  6 rats
114 creatures vanquished.

Vanquished Creatures (collateral kills)
  4 foxfires (D:5)
4 creatures vanquished.

Vanquished Creatures (others)
  496 foxfires
  21 plants (D:5)
517 creatures vanquished.

Grand Total: 635 creatures vanquished

Notes
Turn   | Place    | Note
-------+----------+-------------------------------------------
     0 | D:1      | funkygono the Gargoyle Fire Elementalist began the quest
                  | for the Orb.
     0 | D:1      | Reached XP level 1. HP: 10/10 MP: 3/3
   131 | D:1      | Reached XP level 2. HP: 15/15 MP: 0/5
   134 | D:1      | Learned a level 2 spell: Scorch
   709 | D:1      | Found Efigyiq's Armour Shop.
   989 | D:1      | You fall into a shaft and drop 1 floor!
  1069 | D:2      | Reached XP level 3. HP: 19/19 MP: 3/6
  1073 | D:2      | Learned a level 3 spell: Conjure Flame
  1552 | D:2      | Found Alicve's Distillery.
  1791 | D:2      | Noticed Jessica
  1797 | D:2      | Killed Jessica
  1798 | D:2      | Reached XP level 4. HP: 22/24 MP: 0/8
  1908 | D:2      | Found a faded altar of an unknown god.
  2478 | D:3      | Noticed an ogre
  2648 | D:3      | Killed an ogre
  2649 | D:3      | Reached XP level 5. HP: 28/28 MP: 0/10
  3143 | D:3      | Learned a level 4 spell: Flame Wave
  3235 | D:3      | Reached XP level 6. HP: 20/32 MP: 2/11
  3358 | D:4      | Reached skill level 5 in Fire Magic
  4063 | D:4      | Reached XP level 7. HP: 8/36 MP: 4/13
  4530 | D:4      | Found Zitubb's Serpentskin Sales.
  4777 | D:5      | Entered Level 5 of the Dungeon
  5062 | D:5      | Found Ruopnefe's Antique Armour Boutique.
  5180 | D:5      | Reached XP level 8. HP: 30/41 MP: 5/15
  5291 | D:5      | Found a staircase to the Ecumenical Temple.
  5300 | D:5      | Reached skill level 5 in Spellcasting
  5304 | Temple   | Entered the Ecumenical Temple
  5347 | Temple   | Became a worshipper of Vehumet
  5977 | D:6      | Reached skill level 1 in Maces & Flails
  6494 | D:6      | Reached skill level 1 in Fighting
  6882 | D:6      | Reached skill level 5 in Conjurations
  7344 | D:7      | Reached XP level 9. HP: 47/47 MP: 10/18
  7360 | D:7      | Noticed yegreS's ghost (novice MiFi)
  7850 | D:7      | Found a transporter.
  7853 | D:7      | Found a transporter.
  8010 | D:7      | Noticed Joseph
  8034 | D:7      | HP: 2/47 [Joseph/sling bullet (5)]
  8035 | D:7      | Shot with a sling bullet by Joseph

Illustrated notes

Levels and vault maps discovered:
D:1:      roderic_dead_forest, layout_basic, serial_shops, shop,
          minmay_tree_intersection
D:2:      layout_loops_ring, serial_shops, shop,
          ebering_ecumenical_altar_sacrificial, moated_statue,
          corexii_item_surrounded_by_moat, uniq_jessica
D:3:      layout_rooms, glass_columns_a
D:4:      layout_basic, grunt_decor_resistance, guppyfry_shop_venom
D:5:      layout_loops_cross, minmay_temple_entry_large_hall, serial_bayou,
          serial_bayou_pond_d, serial_bayou_lagoon_a, serial_bayou_pond_d,
          serial_bayou_pond_e, serial_bayou_pond_e, serial_bayou_ford_a,
          serial_shops, kennysheep_little_box
D:6:      layout_basic
D:7:      layout_loops_cross, gammafunk_ghost_hive, minmay_manual_mares,
          uniq_joseph
Temple:   grunt_wide_crystal_templ

Skill      XL: |  1  2  3  4  5  6  7  8  9 |
---------------+----------------------------+-----
Fire Magic     | 4 5 6 7 |  7.8
Conjurations   | 2 3 4 5 |  5.4
Spellcasting   | 3 4 6 7 |  7.0
Dodging        | 2 |  2.1
Maces & Flails | 1 |  1.2
Fighting       | 1 |  1.3
Stealth        | |  2.1

Action                   |  1- 3 |  4- 6 |  7- 9 || total
-------------------------+-------+-------+-------++-------
Melee: Unarmed           |     1 |       |       ||     1
       Flail             |     2 |     3 |       ||     5
       Whip              |       |     5 |    21 ||    26
 Cast: Foxfire           |    54 |    94 |   148 ||   296
       Scorch            |     1 |     6 |    24 ||    31
       Conjure Flame     |       |       |     1 ||     1
  Use: Scroll            |     1 |     5 |     4 ||    10
       Potion            |       |       |     2 ||     2
Armor: Robe              |     1 |     7 |    23 ||    31
Dodge: Dodged            |     7 |    18 |    52 ||    77

Table legend: (Time is in decaauts)
 A = Elapsed time spent in this place.
 B = Non-inter-level travel time spent in this place.
 C = Inter-level travel time spent in this place.
 D = Time resting spent in this place.
 E = Time spent auto-exploring this place.
 F = Levels seen in this place.
 G = Mean time per level.
                   A        B        C        D        E       F      G
               +--------+--------+--------+--------+--------+-----+--------+
         Total |   8052 |   7774 |    278 |    632 |   5896 |   8 | 1006.5 |
       Dungeon |   7952 |   7690 |    262 |    632 |   5832 |   7 | 1136.0 |
        Temple |    100 |     85 |     15 |      0 |     64 |   1 |  100.0 |
               +--------+--------+--------+--------+--------+-----+--------+

Top non-repeatable levels by time:
     D:4: 1431 daAuts
     D:6: 1408 daAuts
     D:1: 1321 daAuts
     D:2: 1076 daAuts
     D:5: 1063 daAuts
     D:3: 952 daAuts
     D:7: 699 daAuts
  Temple: 100 daAuts
